 Dungeon Crawl Stone Soup version 0.19-a0-1021-g80cc50c (webtiles) character file.

564 ololoev the Cleaver (level 7, -5/57 HPs)
             Began as a Hill Orc Fighter on July 27, 2016.
             Was an Initiate of Makhleb.
             Slain by a phantom (6 damage)
             ... on level 6 of the Dungeon.
             The game lasted 00:05:25 (771 turns).

ololoev the Cleaver (Hill Orc Fighter)               Turns: 771, Time: 00:05:25

Health: -5/57      AC:  8    Str: 20 (21) XL:     7   Next: 32%
Magic:  7/7        EV:  7    Int:  8      God:    Makhleb [......]
Gold:   98         SH:  9    Dex: 10      Spells: 0 memorised, 6 levels left

rFire  . . .     SeeInvis .     a - +0 war axe
rCold  . . .     Gourm    .     b - +0 scale mail
rNeg   + . .     Faith    .     c - +0 shield
rPois  .         Spirit   .     (no helmet)
rElec  .         Dismiss  .     (no cloak)
rCorr  .         Reflect  .     (no gloves)
SustAt .         Harm     .     l - +0 pair of boots
MR     .....                    (no amulet)
Stlth  ..........               (no ring)
                                o - ring of positive energy

@: not resistant to hostile enchantments, extremely unstealthy
A: blink
a: Blink, Renounce Religion


Innate Abilities, Weirdness & Mutations

You can translocate small distances at will.

Inventory:

Hand Weapons
 a - a +0 war axe (weapon)
Armour
 b - a +0 scale mail (worn)
 c - a +0 shield (worn)
 l - a +0 pair of boots (worn)
Jewellery
 o - a ring of positive energy (left hand)
Scrolls
 k - a scroll of amnesia
 q - a scroll of magic mapping
Comestibles
 f - 2 bread rations
 j - a meat ration
 p - a slice of pizza


   Skills:
 - Level 3.6 Fighting
 * Level 8.5 Axes
 + Level 5.8 Armour
 - Level 3.2 Shields


You had 6 spell levels left.
You didn't know any spells.


You were on level 6 of the Dungeon.
You worshipped Makhleb.
Makhleb was noncommittal.
You were not hungry.

You visited 2 branches of the dungeon, and saw 6 of its levels.
You also visited: Ossuary.

You collected 98 gold pieces.

...###.####...!..........#
...* #....[.#**.........#*
...* ###...#####...#...#*
#*,****#.#.........#..#*
**,,,*#..##...........#
*,,,,,#.###...........#
,,,,,,..* ##.......†..#
,,,,,...* #..........#
,,,,...#* #....@W...##
*,,...#* #.....#####
*,,,,,** #.....# ,,,,,,,*
#.....# ,,,,,,,* #######
,,,,,,,* *,,,,,** ,,,,,**
******

Notes
Turn   | Place    | Note
-------+----------+-------------------------------------------
     0 | D:1      | ololoev the Hill Orc Fighter began the quest for the Orb.
     0 | D:1      | Reached XP level 1. HP: 19/19 MP: 1/1
   175 | D:1      | Reached skill level 3 in Axes
   190 | D:1      | Reached XP level 2. HP: 25/26 MP: 2/2
   405 | D:3      | You fall through a shaft!
   446 | D:4      | Reached skill level 4 in Axes
   448 | D:4      | Reached XP level 3. HP: 22/31 MP: 3/3
   453 | D:4      | Reached XP level 4. HP: 28/39 MP: 4/4
   510 | D:4      | Noticed an ice beast
   515 | D:4      | Killed an ice beast
   515 | D:4      | Reached skill level 5 in Axes
   515 | D:4      | Reached XP level 5. HP: 42/45 MP: 5/5
   536 | D:4      | Reached skill level 6 in Axes
   558 | D:4      | You fall through a shaft for 2 floors!
   558 | D:6      | Found a staircase to the Ecumenical Temple.
   558 | D:6      | Noticed an ice beast
   564 | D:6      | Killed an ice beast
   564 | D:6      | Reached skill level 5 in Armour
   564 | D:6      | Reached XP level 6. HP: 51/51 MP: 6/6
   572 | Temple   | Entered the Ecumenical Temple
   633 | Temple   | Became a worshipper of Makhleb the Destroyer
   670 | D:6      | Reached skill level 7 in Axes
   672 | D:6      | Noticed a black bear
   678 | D:6      | Gained mutation: You can translocate small distances at will. [potion of beneficial mutation]
   682 | D:6      | Found Jopistis's Antique Armour Emporium.
   692 | D:6      | Killed a black bear
   695 | D:6      | Reached skill level 8 in Axes
   695 | D:6      | Reached XP level 7. HP: 5/57 MP: 7/7
   730 | D:6      | Found a sand-covered staircase.
   742 | Ossuary  | Entered an ossuary
   755 | Ossuary  | Noticed Xiguana's ghost (amateur HEFi)
   768 | D:6      | HP: 1/57 [phantom (7)]
   771 | D:6      | Slain by a phantom

Dungeon Overview and Level Annotations

Branches:
Dungeon (6/15)             Temple (1/1) D:6

Altars:
Ashenzari
Cheibriados
Dithmenos
Elyvilon
Fedhas
Gozag
Kikubaaqudgha
Makhleb
Nemelex Xobeh
Okawaru
Qazlal
Ru
Sif Muna
Uskayaw
Xom
Yredelemnul
Zin
The Shining One

Shops:
D:6 [


Message History

Wield which item (- for none, * to show all)? (? for menu, Esc to quit)
Okay, then.
Unknown command.
Wield which item (- for none, * to show all)? (? for menu, Esc to quit)
f - 2 bread rations (in hand)
You swing at nothing.
You swing at nothing.
You feel a little less clever now.
You swing at nothing.
You swing at nothing.
You swing at nothing.
You swing at nothing.
You swing at nothing.
You swing at nothing.
You swing at nothing.
You swing at nothing.
You swing at nothing.
Xiguana's ghost (amateur High Elf Fighter) comes into view.
You swing at nothing.
Xiguana's ghost moves out of view.
Press: ? - help, v - describe, . - travel
Here: Xiguana's ghost The floor.
You aren't carrying any potions.
Unknown command.
Unknown command.
There is a gate leading back out of this place here.
You swing at nothing.
You swing at nothing.
You swing at nothing.
Xiguana's ghost closely misses you.
a - a +0 war axe (weapon)
Xiguana's ghost hits you.
Welcome back to the Dungeon!
The giant gecko bites you. You block the phantom's attack.
The hound skeleton bites you but does no damage.
The giant gecko bites you but does no damage.
You block the phantom's attack. The hound skeleton barely misses you.
There is a collapsed entrance, spattered with blood here.
Unknown command.
You hit the giant gecko.
The giant gecko is moderately wounded.
You hit the hound skeleton.
Your shield and scale mail prevent you from hitting the phantom.
You block the giant gecko's attack.
The phantom hits you but does no damage.
The hound skeleton barely misses you.
Unknown command.
You closely miss the giant gecko.
The giant gecko is moderately wounded.
You miss the phantom. You hit the hound skeleton.
The giant gecko barely misses you.
The hound skeleton bites you but does no damage.
You block the phantom's attack. You block the giant gecko's attack.
The hound skeleton bites you but does no damage.
Unknown command.
You miss the giant gecko.
The giant gecko is moderately wounded.
You barely miss the hound skeleton. You hit the phantom.
The giant gecko hisses menacingly.
You block the giant gecko's attack. The phantom hits you.
You block the hound skeleton's attack.
Unknown command.
You closely miss the giant gecko.
The giant gecko is moderately wounded.
You slash the hound skeleton!
You destroy the hound skeleton!
Makhleb accepts your kill.
You hit the phantom. You block the giant gecko's attack.
The phantom hits you but does no damage.
The giant gecko bites you but does no damage.
You slash the giant gecko!
You kill the giant gecko!
Makhleb accepts your kill.
You closely miss the phantom. The phantom hits you!
The phantom hits you but does no damage.
Unknown command.
You see here 18 gold pieces.
Your shield prevents you from hitting the phantom.
The phantom is lightly damaged.
The phantom hits you.
You die...

You could see a phantom.

Vanquished Creatures
  2 ice beasts
  A black bear (D:6)
  A scorpion (D:6)
  A howler monkey (D:6)
  2 orc priests
  2 orc wizards (D:6)
  A worker ant (D:6)
  A hound skeleton (D:6)
  A howler monkey zombie (D:6)
  3 adders
  A worm (D:3)
  2 giant geckos (D:6)
  8 orcs
  4 goblins
  4 hobgoblins (D:1)
  A bat (D:3)
  A giant newt (D:4)
  4 kobolds
  A quokka skeleton (D:4)
  3 rats (D:3)
44 creatures vanquished.

Vanquished Creatures (others)
  An orc (D:6)
1 creature vanquished.

Grand Total: 45 creatures vanquished

Action                   |  1- 3 |  4- 6 |  7- 9 || total
-------------------------+-------+-------+-------++-------
Melee: War axe           |    63 |    39 |    22 ||   124
  Use: Potion            |     1 |     6 |     1 ||     8
       Scroll            |       |     3 |       ||     3
 Stab: Invisible         |       |     8 |     1 ||     9
Armor: Scale mail        |    19 |    22 |    25 ||    66
Dodge: Dodged            |    25 |    20 |    11 ||    56
Block: Shield            |    23 |    23 |    20 ||    66

Vault maps used:
D:1:      dpeg_arrival_round_b, serial_park_tiny_1, hex_large, minivault_4
D:2:      uniq_terence
D:3:      grunt_temple_overflow_diamond
D:4:      first_bread
D:6:      serial_shops, nicolae_shop_waterfront, enter_ossuary_1,
          hangedman_decor_growths, uniq_eustachio, uniq_pikel
Temple:   hc_temple_tempest_star
Ossuary:  minmay_ossuary_gauntlet
